 Dungeon Crawl Stone Soup version 0.31-a0-542-gdc2a67831c (webtiles) character file.

Game seed: 5643683525660652507

3020 JackS81 the Grappler (level 9, -1/74 HPs)
             Began as a Naga Shapeshifter on Aug 14, 2023.
             Was a Follower of Cheibriados.
             Succumbed to a killer bee's poison
             ... on level 9 of the Dungeon.
             The game lasted 00:30:25 (8155 turns).

JackS81 the Grappler (Naga Shapeshifter)            Turns: 8155, Time: 00:30:26

Health: -1/74      AC:  6    Str: 21    XL:     9   Next: 85%
Magic:  9/9        EV:  9    Int: 10    God:    Cheibriados [*.....]
Gold:   197        SH:  0    Dex: 17    Spells: 7/8 levels left

rFire   . .          .
                       - Unarmed
rCold   + + +        (shield currently unavailable)
rNeg    . . .        K - +1 leather armour {rC+}
rPois   +            (no helmet)
rElec   +            j - +0 cloak {Stlth+}
rCorr   .            (no gloves)
SInv    +            (no barding)
Will    +++..        (no amulet)
Stlth   ++           y - ring of protection from cold
HPRegen 0.32/turn    S - ring "Qozaawof" {Fly rElec rC+ Will++}
MPRegen 0.11/turn

%: no passive effects
@: lethally poisoned (-1 -> -14), flux-form, flying, glowing, very slow
A: glow, contaminating, AC +3, large, see invisible, deformed body, poison
resistance, slowness 2, spit poison 1, naga tail 1
a: Spit Poison, Begin Untransformation, Renounce Religion, Bend Time


You were on level 9 of the Dungeon.
You worshipped Cheibriados.
Cheibriados was aware of your devotion.
You were something dangerously unstable.
You visited 2 branches of the dungeon, and saw 10 of its levels.
You also visited: Sewer.

You collected 346 gold pieces.
You spent 149 gold pieces at shops.

Inventory:

Hand Weapons
 b - a +0 short sword of draining
 h - a +2 battleaxe of venom
 s - a +1 vampiric whip
 w - a +4 quarterstaff of chaos
 x - a +4 spectral club
 D - a +1 flail of holy wrath
 I - a +2 mace of protection
 M - a +0 orcbow
 P - a +4 short sword
 Q - a +3 spear
 T - a +1 morningstar of holy wrath
 V - a +0 hand axe of distortion
Missiles
 f - 31 stones
 q - 6 atropa-tipped darts
 t - 3 boomerangs (quivered)
 C - 4 poisoned darts
Armour
 a - a +0 animal skin
 j - a +0 cloak of stealth (worn)
 u - a +0 buckler
 K - a +1 leather armour of cold resistance (worn)
Magical Staves
 v - a staff of poison
Jewellery
 y - a ring of protection from cold (left hand)
 S - the ring "Qozaawof" (right hand) {Fly rElec rC+ Will++}
   (You found it on level 7 of the Dungeon)

   [ring of flight]

   rC+:       It protects you from cold.
   rElec:     It insulates you from electricity.
   Will++:    It greatly increases your willpower.
   Fly:       It grants you flight.
Talismans
 c - a beast talisman
 d - a flux talisman (active)
 n - a beast talisman
Wands
 F - a wand of iceblast (15)
 U - a wand of quicksilver (10)
Scrolls
 e - 5 scrolls of vulnerability
 g - a scroll of blinking {unknown}
 k - 2 scrolls of fear
 l - 6 scrolls of amnesia
 m - 2 scrolls of poison
 o - 4 scrolls of teleportation {unknown}
 z - 3 scrolls of fog {unknown}
 E - a scroll of acquirement {unknown}
 H - a scroll of brand weapon {unknown}
 J - a scroll of silence
 N - 2 scrolls of identify
Potions
 i - 4 potions of enlightenment
 p - 2 potions of brilliance {unknown}
 r - 2 potions of mutation {unknown}
 A - 2 potions of might {unknown}
 B - 3 potions of degeneration {unknown}
 G - a potion of invisibility {unknown}
 L - 4 potions of curing {unknown}
 O - a potion of ambrosia {unknown}
 R - 2 potions of magic {unknown}
 W - a potion of heal wounds


   Skills:
 + Level 2.4 Fighting
 - Level 0.1 Throwing
 + Level 1.5 Dodging
 + Level 3.3 Stealth
 + Level 8.5 Unarmed Combat
 * Level 5.6 Poison Magic
 * Level 8.3 Shapeshifting


You had 7 spell levels left.
You knew the following spells:

 Your Spells              Type           Power      Damage    Failure   Level
a - Sting                 Tmut/Pois      20%        1d4       14%         1

Your spell library contained the following spells:

 Spells                   Type           Power      Damage    Failure   Level
 Poisonous Vapours        Pois/Air       10%        N/A       21%         2
 Olgreb's Toxic Radiance  Pois           11%        N/A       38%         4
 Ensorcelled Hibernation  Hex/Ice        0%         N/A       54%         2
 Passwall                 Tmut/Erth      0%         N/A       54%         2
 Scorch                   Fire           0%         2d5       54%         2
 Swiftness                Air            0%         N/A       78%         3
 Volatile Blastmotes      Fire/Tloc      0%         2d10      78%         3
 Flame Wave               Conj/Fire      0%         2d4       99%         4
 Fulminant Prism          Conj/Hex       0%         3d5       99%         4
 Iskenderun's Mystic Bla  Conj/Tloc      0%         2d3       99%         4
 Summon Cactus Giant      Summ           0%         N/A       100%        6


Dungeon Overview and Level Annotations

Branches:
Dungeon (9/15)             Temple (1/1) D:7           Sewer (visited)
   Lair: D:8-11         Orc: D:9-12

Altars:
Ashenzari
Cheibriados
Dithmenos
Elyvilon
Fedhas
Gozag
Hepliaklqana
Kikubaaqudgha
Makhleb
Nemelex Xobeh
Okawaru
Qazlal
Ru
Sif Muna
Trog
Uskayaw
Vehumet
Wu Jian
Xom
Yredelemnul
Zin
The Shining One

Shops:
D:1 (   D:5 ?:[

Annotations:
D:8 Grum, Psyche


Innate Abilities, Weirdness & Mutations

You are something dangerously unstable.
You glow with magical radiation, making you easy to see and hit.
Foes you strike become dangerously contaminated with magical radiation.
You are incapable of wielding weapons or throwing items.
Your serpentine skin is tough. (AC +3)
You have supernaturally acute eyesight. (SInv)
Armour fits poorly on your strangely shaped body.
Your system is resistant to poisons. (rPois)
You cover ground very slowly.
You can spit poison.
You have a snake-like lower body.


Message History

You are no longer poisoned.
The killer bee barely misses you. The killer bee stings you!
The killer bee attacks as you move away!
The killer bee barely misses you. The killer bee closely misses you.
The killer bee completely misses you. The killer bee closely misses you.
Psyche shouts!
You hear an angry buzzing noise.
You hear an angry hiss.
The killer bee stings you!
You are poisoned.
The killer bee poisons you!
Psyche mumbles some strange words.
A swirling arc of seething chaos appears!
The arc of chaos hits you.
The arc of chaos hits the killer bee.
The killer bee closely misses you. x2
Psyche casts a spell.
A swirling arc of seething chaos appears!
The arc of chaos hits you but does no damage.
You resist.
The arc of chaos hits the killer bee.
The killer bee stings you.
A water moccasin comes into view.
The killer bee stings you.
* * * LOW HITPOINT WARNING * * *
The killer bee buzzes angrily.
There is a stone staircase leading down here.
You can't go up here!
You feel sick.
Psyche laughs secretively.
The killer bee stings you.
* * * LOW HITPOINT WARNING * * *
The killer bee stings you.
* * * LOW HITPOINT WARNING * * *
The killer bee stings you.
* * * LOW HITPOINT WARNING * * *
You are more poisoned.
The killer bee poisons you! The killer bee stings you.
* * * LOW HITPOINT WARNING * * *
Psyche closely misses you.
The killer bee stings you but does no damage.
The killer bee stings you.
* * * LOW HITPOINT WARNING * * *
You fly downwards.
You die...

##+#########
##....:[....#
#...........#
#...........#
#...........+
.#.......$...#
......y......#
#...yB.....#
#....y.....#
############


You could see 3 killer bees.

Vanquished Creatures
  Grinder (D:3)
  6 water moccasins
  3 black bears
  Pargi (Sewer)
  2 sky beasts
  2 wolves (D:7)
  A centaur (D:7)
  A phantom (D:4)
  2 bullfrogs
  4 scorpions
  4 wights (D:6)
  A killer bee (D:8)
  A howler monkey (D:6)
  2 electric eels (D:7)
  3 orc priests
  A hound (D:6)
  2 jellies
  Ijyb (D:5)
  Crazy Yiuf (D:3)
  Jessica (D:3)
  An iguana (D:6)
  An orc wizard (D:5)
  Robin (D:2)
  6 gnolls
  11 adders
  A shadow imp (D:7)
  2 white imps
  2 ufetubi
  4 worms
  3 dart slugs
  15 orcs
  8 ball pythons
  3 endoplasms
  5 giant cockroaches
  13 goblins
  6 hobgoblins
  2 quokkas
  13 bats
  6 frilled lizards
  9 kobolds
  4 rats
156 creatures vanquished.

Notes
Turn   | Place    | Note
-------+----------+-------------------------------------------
     0 | D:1      | JackS81 the Naga Shapeshifter began the quest for the Orb.
     0 | D:1      | Reached XP level 1. HP: 18/18 MP: 1/1
    85 | D:1      | Reached XP level 2. HP: 4/25 MP: 2/2
   695 | D:1      | Found Wakaq's Weapon Shop.
   731 | D:1      | Reached XP level 3. HP: 31/31 MP: 3/3
   990 | D:2      | Noticed Robin
  1014 | D:2      | Killed Robin
  1204 | D:2      | Reached XP level 4. HP: 31/38 MP: 4/4
  1804 | D:3      | Reached XP level 5. HP: 37/44 MP: 5/5
  1907 | D:3      | Noticed Grinder
  1917 | D:3      | Killed Grinder
  1918 | D:3      | Reached skill level 5 in Unarmed Combat
  1918 | D:3      | Reached XP level 6. HP: 51/51 MP: 6/6
  2045 | D:3      | Found a basalt altar of Yredelemnul.
  2633 | D:3      | Found a runed translucent door.
  2634 | D:3      | Noticed Crazy Yiuf
  2639 | D:3      | Killed Crazy Yiuf
  2755 | D:3      | Noticed Jessica
  2760 | D:3      | Killed Jessica
  2761 | D:3      | Reached skill level 5 in Shapeshifting
  3133 | D:4      | Noticed a black bear
  3141 | D:4      | Killed a black bear
  3142 | D:4      | Reached XP level 7. HP: 52/57 MP: 7/7
  3252 | D:4      | Found a broken altar of Ashenzari.
  3400 | D:4      | Found a stormy altar of Qazlal.
  3424 | D:4      | Noticed a fire elemental
  3428 | D:4      | Noticed an air elemental
  3440 | D:4      | Found a shimmering altar of Xom.
  3442 | D:4      | Found a shimmering altar of Xom.
  3442 | D:4      | Found a shimmering altar of Xom.
  3575 | D:4      | Learned a level 1 spell: Sting
  3578 | D:4      | Found a glowing drain.
  3588 | Sewer    | Entered a sewer
  3622 | Sewer    | Noticed Pargi
  3640 | Sewer    | Killed Pargi
  4057 | D:4      | Noticed a water elemental
  4166 | D:4      | Found an iron altar of Okawaru.
  4344 | D:5      | Entered Level 5 of the Dungeon
  4344 | D:5      | Found Evup's Armour Shoppe.
  4363 | D:5      | Reached skill level 1 in Poison Magic
  4367 | D:5      | Bought a +0 cloak of stealth for 149 gold pieces
  4393 | D:5      | Found Cefif's Magic Scroll Boutique.
  4396 | D:5      | Found a white marble altar of Elyvilon.
  4420 | D:5      | Reached XP level 8. HP: 39/64 MP: 8/8
  4512 | D:5      | Noticed Ijyb
  4523 | D:5      | Killed Ijyb
  4704 | D:5      | Found Sosiwk's Book Emporium.
  4757 | D:5      | Found a blossoming altar of Fedhas.
  5078 | D:5      | Found a glowing silver altar of Zin.
  5991 | D:6      | Reached XP level 9. HP: 59/69 MP: 9/9
  7000 | D:7      | Identified the ring "Qozaawof" {Fly rElec rC+ Will++}
  7374 | D:7      | Found a staircase to the Ecumenical Temple.
  7384 | Temple   | Entered the Ecumenical Temple
  7402 | Temple   | Became a worshipper of Cheibriados the Contemplative
  7690 | D:7      | Reached skill level 5 in Poison Magic
  7990 | D:8      | Noticed Grum
  8003 | D:7      | Reached * piety under Cheibriados
  8150 | D:8      | Noticed Psyche
  8154 | D:8      | HP: 2/74 [killer bee (3)]
  8155 | D:9      | Succumbed to a killer bee's poison

Illustrated notes

Levels and vault maps discovered:
D:1:      minmay_arrival_plants_in_alcoves, layout_basic, serial_shops, shop,
          hangedman_decor_push
D:2:      layout_loops_ring, uniq_robin
D:3:      minmay_evil_eye, layout_loops_corners,
          mainiacjoe_overflow_surrounded_room, minmay_unequal, uniq_grinder,
          uniq_crazy_yiuf_cottage, uniq_jessica
D:4:      layout_cave_pools, nicolae_qazlal_style_of_elements, xom_redecorated,
          mainiacjoe_overflow_large_starburst, portal_sewer_entry_d,
          kennysheep_nub
D:5:      layout_rooms, nicolae_overflow_hidden_temple,
          mainiacjoe_overflow_24_doors, lemuel_doored_altar,
          serial_corexii_hall, chequers_hall_statues_wall_a,
          corexii_hall_statues_x, serial_shops, shop, nicolae_shop_peninsula,
          nicolae_shop_crystal, corexii_corridor_pit, uniq_ijyb
D:6:      layout_loops_corners
D:7:      layout_rooms, temple_pool_b, serial_bayou_ford_a
D:8:      layout_cave_pools, nzn_ghost_randoct, moated_statue,
          nicolae_two_hexagons, uniq_grum, uniq_jeremiah, uniq_psyche
D:9:      layout_roguey, erik_orc_2, hellmonk_ghost_big_iron
Temple:   nicolae_temple_great_sept

Skill      XL: |  1  2  3  4  5  6  7  8  9 |
---------------+----------------------------+-----
Shapeshifting  | 4 5 6 7 8 |  8.3
Unarmed Combat | 4 5 6 8 |  8.5
Poison Magic   | 1 3 5 |  5.6
Stealth        | 3 |  3.3
Fighting       | 2 |  2.4
Throwing       | |  0.1
Dodging        | |  1.5

Action                     |  1- 3 |  4- 6 |  7- 9 || total
---------------------------+-------+-------+-------++-------
  Melee: Unarmed           |   106 |    91 |   343 ||   540
         Punch             |       |     3 |     2 ||     5
  Throw: Stone             |       |     6 |       ||     6
         Dart              |       |     4 |     1 ||     5
         Throwing net      |       |       |     1 ||     1
   Cast: Sting             |       |       |     6 ||     6
Ability: Spit Poison       |     1 |     4 |     1 ||     6
    Use: Potion            |     3 |     2 |     4 ||     9
         Scroll            |       |       |     7 ||     7
   Stab: Sleeping          |     1 |       |     1 ||     2
 Armour: Animal skin       |    14 |    27 |    14 ||    55
         Skin              |    23 |     5 |       ||    28
         Leather armour    |       |       |    91 ||    91
  Dodge: Dodged            |    52 |    48 |   160 ||   260
   Form: Flux              |       |       |     1 ||     1

Table legend: (Time is in decaauts)
 A = Elapsed time spent in this place.
 B = Non-inter-level travel time spent in this place.
 C = Inter-level travel time spent in this place.
 D = Time resting spent in this place.
 E = Time spent auto-exploring this place.
 F = Levels seen in this place.
 G = Mean time per level.
                   A        B        C        D        E       F      G
               +--------+--------+--------+--------+--------+-----+--------+
         Total |  10087 |   9752 |    335 |   1126 |   6860 |  11 |  917.0 |
       Dungeon |   9734 |   9412 |    322 |   1126 |   6677 |   9 | 1081.6 |
        Temple |     41 |     29 |     12 |      0 |      0 |   1 |   41.0 |
         Sewer |    311 |    311 |      0 |      0 |    183 |   1 |  311.0 |
               +--------+--------+--------+--------+--------+-----+--------+

Top non-repeatable levels by time:
     D:6: 1950 daAuts
     D:3: 1742 daAuts
     D:7: 1576 daAuts
     D:1: 1193 daAuts
     D:4: 1157 daAuts
     D:2: 1058 daAuts
     D:5: 998 daAuts
   Sewer: 311 daAuts
     D:8: 55 daAuts
  Temple: 41 daAuts
